 Dungeon Crawl Stone Soup version 0.29.1-2-gbd0b4ee654 (webtiles) character file.

Game seed: 15373641746268582040

21 avis the Chopper (level 2, 0/27 HPs)
             Began as a Hill Orc Monk on Oct 29, 2022.
             Slain by a gnoll
             ... wielding a +0 club
              (3 damage)
             ... on level 1 of the Dungeon.
             The game lasted 00:03:15 (817 turns).

avis the Chopper (Hill Orc Monk)                     Turns: 817, Time: 00:03:16

Health: 0/27       AC:  2    Str: 13    XL:     2   Next: 83%
Magic:  2/2        EV: 12    Int: 10    God:
Gold:   12         SH:  0    Dex: 13    Spells: 1/1 levels left

rFire   . . .      SeeInvis .   a - +0 hand axe
rCold   . . .      Faith    .   (no shield)
rNeg    . . .      Spirit   .   f - +0 robe
rPois   .          Reflect  .   (no helmet)
rElec   .          Harm     .   (no cloak)
rCorr   .          Rampage  .   (no gloves)
Will    .....                   (no boots)
Stlth   ++........              (no amulet)
HPRegen 0.09/turn               (no ring)
MPRegen 0.08/turn               (no ring)

@: no status effects
A: no striking features
a: no special abilities


You were on level 1 of the Dungeon.
You visited 1 branch of the dungeon, and saw 1 of its levels.

You collected 12 gold pieces.

Inventory:

Hand Weapons
 a - a +0 hand axe (weapon)
 b - a +0 sling
Armour
 f - a +0 robe (worn)
Scrolls
 d - 3 scrolls of identify {unknown}
 e - a scroll of immolation {unknown}
 h - a scroll of amnesia {unknown}
Potions
 c - a potion of ambrosia
 g - a potion of flight {unknown}
 i - a potion of haste {unknown}


   Skills:
 + Level 3.8 Fighting
 * Level 5.2 Axes
 - Level 2.4 Dodging
 - Level 1.5 Stealth


You had one spell level left.
You didn't know any spells.
Your spell library was empty.

Dungeon Overview and Level Annotations

Branches:
Dungeon (1/15)

Altars:

Shops:
D:1 (


Message History

The sling bullet barely misses the endoplasm.
Fire: b) +0 sling
Press: ? - help, Q - select action Shift-Dir - straight line, f/p - endoplasm
Aim: an endoplasm (heavily wounded, 84% to hit)
You shoot a sling bullet. The sling bullet hits the endoplasm.
The endoplasm is severely wounded.
Fire: b) +0 sling
Press: ? - help, Q - select action Shift-Dir - straight line, f/p - endoplasm
Aim: an endoplasm (severely wounded, 84% to hit)
You shoot a sling bullet. The sling bullet hits the endoplasm.
You kill the endoplasm!
A hobgoblin and a gnoll come into view.
The gnoll shouts!
a - a +0 hand axe (weapon)
The gnoll closely misses you.
You barely miss the gnoll. The gnoll hits you with a +0 club.
You closely miss the gnoll.
The hobgoblin shouts!
The gnoll hits you with a +0 club.
You hit the gnoll.
The gnoll is lightly wounded.
The gnoll hits you with a +0 club.
You hit the gnoll.
The gnoll is moderately wounded.
The gnoll hits you with a +0 club.
You hit the gnoll.
The gnoll is heavily wounded.
The gnoll closely misses you.
You hit the gnoll.
The gnoll is severely wounded.
The gnoll hits you with a +0 club.
* * * LOW HITPOINT WARNING * * *
The hobgoblin attacks as you move away! The hobgoblin hits you.
* * * LOW HITPOINT WARNING * * *
The gnoll attacks as you move away! The gnoll hits you with a +0 club.
* * * LOW HITPOINT WARNING * * *
You closely miss the gnoll.
The gnoll is severely wounded.
The gnoll hits you with a +0 club.
You die...

....## #.....# ....)#
#.....# .....# #.....#
.....#### .....#
........# ....
........#### ##.#
...........######g.#
........##.....##g##
##........####..@.#
#................#
#......##...........#
#...........(##.###...
######..####.##.# ##
#...####.##.#
####............
#....########...
.##..#. #.####
........#


You could see a gnoll and a hobgoblin.

Vanquished Creatures
  2 endoplasms (D:1)
  2 goblins (D:1)
  3 hobgoblins (D:1)
  A kobold (D:1)
  A quokka (D:1)
  A ball python (D:1)
  5 bats (D:1)
  A frilled lizard (D:1)
  4 rats (D:1)
20 creatures vanquished.

Notes
Turn   | Place    | Note
-------+----------+-------------------------------------------
     0 | D:1      | avis the Hill Orc Monk began the quest for the Orb.
     0 | D:1      | Reached XP level 1. HP: 19/19 MP: 1/1
    97 | D:1      | Reached XP level 2. HP: 4/26 MP: 2/2
   102 | D:1      | HP: 1/26 [rat (2)]
   418 | D:1      | Found Apapp's Antique Weapon Boutique.
   451 | D:1      | Reached skill level 5 in Axes
   817 | D:1      | Slain by a gnoll

Illustrated notes

Levels and vault maps discovered:
D:1:      sevenhm_arrival_forest_fort_small_4, layout_rooms, serial_shops, shop

Skill      XL: |  1  2 |
---------------+-------+-----
Axes           | 5 |  5.2
Fighting       | |  3.8
Dodging        | |  2.4
Stealth        | |  1.5

Action                   || total
-------------------------++-------
Melee: Hand axe          ||    59
 Fire: Sling             ||     7
Armor: Robe              ||    14
Dodge: Dodged            ||    43
